[Event "Early-Titled-Tuesday-Blitz-October-24-2023"]
[Site "Chess.com"]
[Date "2023.10.24"]
[Round "6"]
[White "Nyzhnyk_Illia"]
[Black "vugarrasulov"]
[Result "0-1"]
[WhiteElo "2871"]
[BlackElo "3014"]
[TimeControl "180+1"]
[EndTime "9:04:34 PDT"]
[Termination "vugarrasulov won by resignation"]

1. d4 Nf6 2. Nf3 e6 3. c4 c5 4. Nc3 cxd4 5. Nxd4 d5 6. g3 e5 7. Nf3 d4 8. Nb1 Nc6 9. Bg2 e4 10. Ng5 Bf5 11. Nd2 Bb4 12. O-O Bxd2 13. Qxd2 h6 14. Qf4 hxg5 15. Qxf5 Qd7 16. Bxe4 Nxe4 17. Qxe4+ Kf8 18. Qd5 Qh3 19. Qg2 Qh5 20. g4 Qh4 21.
Qg3 Re8 22. Re1 Qxg3+ 23. hxg3 f6 24. b3 Ne5 25. Ba3+ Kf7 26. f3 Rh3 27. Kg2 Reh8 28. Rh1 Rxh1 29. Rxh1 Rxh1 30. Kxh1 d3 31. exd3 Nxf3 32. Bd6 Ke6 33. Bb8 a6 34. Kg2 Ne1+ 35. Kf2 Nxd3+ 36. Ke3 Nc1 37. Kd4 Nxa2 38. Kc5 Nc1 39.
Kb4 Nd3+ 40. Ka5 Kd7 41. Kb6 Kc8 42. Bd6 Nf2 43. Bf8 g6 44. Be7 Nxg4 45. c5 Ne3 46.
Ka7 Nd5 47. Bd6 g4 0-1

[Event "Early-Titled-Tuesday-Blitz-October-24-2023"]
[Site "Chess.com"]
[Date "2023.10.24"]
[Round "6"]
[White "HanSchut"]
[Black "wanyaland"]
[Result "1/2-1/2"]
[WhiteElo "2290"]
[BlackElo "2448"]
[TimeControl "180+1"]
[EndTime "9:04:34 PDT"]
[Termination "Game drawn by repetition"]

1. e4 c5 2. Nf3 e6 3. c4 Nc6 4. Nc3 a6 5. Be2 g6 6. d4 cxd4 7. Nxd4 Bg7 8. Be3 Nge7 9. O-O O-O 10. Qd2 Re8 11. Rac1 b6 12. Rfd1 Qc7 13. f3 Rb8 14. Nd5 Qd8 15. Nxe7+ Nxe7 16. b4 d5 17. exd5 exd5 18.
c5 bxc5 19. bxc5 Qc7 20. c6 Be5 21. f4 Bd6 22. g3 Rb4 23. Bf3 Ra4 24. Qg2 Qa5 25.
Nb3 Qc7 26. Bxd5 Nxd5 27. Qxd5 Bf8 28. Bc5 Rxa2 29. Bxf8 Kxf8 30. Nc5 Ree2 31. Qd8+ Qxd8 32. Rxd8+ Kg7 33. Rxc8 Rg2+ 34. Kf1 Rxh2 35. Kg1 Rag2+ 36. Kf1 Ra2 37. Kg1 Rag2+ 38. Kf1 Ra2 1/2-1/2

[Event "Early-Titled-Tuesday-Blitz-October-24-2023"]
[Site "Chess.com"]
[Date "2023.10.24"]
[Round "6"]
[White "Marcin"]
[Black "Fraler15"]
[Result "1-0"]
[WhiteElo "2426"]
[BlackElo "2249"]
[TimeControl "180+1"]
[EndTime "9:04:34 PDT"]
[Termination "Marcin won by resignation"]

1. d4 d5 2. c4 e6 3. Nf3 Nf6 4. Nc3 a6 5. cxd5 exd5 6. Bf4 c5 7. e3 Nc6 8. Bd3 c4 9. Bb1 b5 10. h3 Bb7 11. O-O Bd6 12. Bg5 Be7 13. Ne5 O-O 14.
f4 b4 15. Ne2 Ne4 16. Bxe7 Qxe7 17. Bxe4 dxe4 18. Nxc4 Qe6 19. Ne5 Ne7 20. Ng3 Nd5 21. Qd2 f6 22. f5 Qe7 23. Ng4 Rac8 24. Rac1 a5 25. Nf2 Nb6 26. Rxc8 Rxc8 27. Rc1 Nc4 28. Qe2 a4 29. b3 axb3 30. axb3 Na3 31. Rxc8+ Bxc8 32. Nfxe4 Bxf5 33. Nc5 Bg6 34. e4 Qd6 35. Qd3 Bf7 36.
Nf5 Qf4 37. Qa6 Qc1+ 38. Kh2 Qf4+ 39. Ng3 h5 40. Qc8+ Kh7 41. Qd7 h4 42. Qf5+ Qxf5 43.
Nxf5 g5 44. d5 Kg8 45. d6 Kf8 46. d7 1-0

[Event "Early-Titled-Tuesday-Blitz-October-24-2023"]
[Site "Chess.com"]
[Date "2023.10.24"]
[Round "6"]
[White "victormago"]
[Black "Alina_Gumerovna"]
[Result "1-0"]
[WhiteElo "2427"]
[BlackElo "2097"]
[TimeControl "180+1"]
[EndTime "9:04:35 PDT"]
[Termination "victormago won on time"]

1. d4 d5 2. c4 e6 3. Nc3 Nf6 4. cxd5 exd5 5. Bg5 c6 6. e3 Be7 7. Bd3 O-O 8. Qc2 Nbd7 9. Nf3 Re8 10. O-O Nf8 11.
Rab1 Ne4 12. Bxe7 Qxe7 13. b4 Bf5 14. Bxe4 dxe4 15. Ne5 f6 16. Nc4 Be6 17. Nd2 f5 18. a4 Qg5 19. Ne2 Ng6 20. g3 h5 21. Kh1 Qg4 22. Ng1 h4 23. Qd1 Qg5 24. Nh3 Qf6 25.
Nf4 Nxf4 26. gxf4 Qh6 27. Rg1 Kf7 28. b5 cxb5 29. Rxb5 b6 30. a5 Bd7 31. Rb1 b5 32.
Nb3 h3 33. Nc5 Bc6 34. Qb3+ Ke7 35. Rg5 Qf6 36. Rbg1 Rg8 37. Qb4 Qd6 38. Rxg7+ 1-0

[Event "Early-Titled-Tuesday-Blitz-October-24-2023"]
[Site "Chess.com"]
[Date "2023.10.24"]
[Round "6"]
[White "DefiantChair"]
[Black "vladislavkovalev"]
[Result "1-0"]
[WhiteElo "2676"]
[BlackElo "2864"]
[TimeControl "180+1"]
[EndTime "9:04:37 PDT"]
[Termination "DefiantChair won by resignation"]

1. e4 e5 2. Nf3 Nc6 3. Bb5 a6 4. Ba4 Nf6 5. O-O Be7 6. Re1 b5 7. Bb3 d6 8. c3 O-O 9. h3 Be6 10.
Bc2 d5 11. d4 dxe4 12. Nxe5 Nxe5 13. dxe5 Qxd1 14. Rxd1 Nd7 15. Bxe4 Rad8 16. Bf4 Nc5 17. Rxd8 Rxd8 18. Bf3 Nd3 19. Be3 Nxb2 20. Nd2 Na4 21. c4 bxc4 22. Rc1 c3 23. Ne4 Ba3 24. Rc2 Bb2 25.
Bg5 Rd7 26. Bg4 h6 27. Bxe6 fxe6 28. Be3 Rd1+ 29. Kh2 Kf7 30. g4 Ke7 31. Kg2 Kd7 32.
f4 Kc6 33. f5 exf5 34. gxf5 Rd8 35. Kf3 Kd5 36. Kf4 Rf8 37. e6 g5+ 38. Kg4 Kxe4 39. e7 Ra8 40. f6 Kd3 41. f7 Kxc2 42. e8=Q Rxe8 43. fxe8=Q Kd3 44. Qxa4 Kxe3 45. Qc2 c5 46. Kh5 Kd4 47. Kxh6 1-0

[Event "Early-Titled-Tuesday-Blitz-October-24-2023"]
[Site "Chess.com"]
[Date "2023.10.24"]
[Round "6"]
[White "UK_23"]
[Black "LeoLV10"]
[Result "1-0"]
[WhiteElo "2409"]
[BlackElo "2556"]
[TimeControl "180+1"]
[EndTime "9:04:39 PDT"]
[Termination "UK_23 won by checkmate"]

1. e4 c5 2. c3 e6 3. d4 cxd4 4. cxd4 d5 5. e5 Nc6 6. Nc3 Qb6 7. Nf3 Bd7 8. Be2 Nge7 9. O-O Nf5 10. Na4 Qc7 11. a3 Be7 12. b4 a6 13. Bb2 O-O 14. Rc1 Rfc8 15. g4 Nh6 16. h3 Rab8 17. Kg2 Qd8 18. Kg3 f6 19. Nc5 fxe5 20. dxe5 Nf7 21. Bd3 h6 22. Bb1 b6 23. Nxa6 Ra8 24. Qd3 Be8 25. Qh7+ Kf8 26. b5 Na5 27. Nd4 Bh4+ 28.
Kg2 Qe7 29. f4 Nc4 30. Rxc4 Rxc4 31. f5 Rxd4 32. Bxd4 Qg5 33. fxe6 Qd2+ 34. Bf2 Ng5 35. Qh8+ Ke7 36. Qxg7+ Bf7 37. exf7 Rf8 38. Qf6+ Kd7 39. Bf5+ Ne6 40. Qxe6+ Kd8 41. Qd6# 1-0

[Event "Early-Titled-Tuesday-Blitz-October-24-2023"]
[Site "Chess.com"]
[Date "2023.10.24"]
[Round "6"]
[White "shimastream"]
[Black "OK97"]
[Result "1-0"]
[WhiteElo "2985"]
[BlackElo "2776"]
[TimeControl "180+1"]
[EndTime "9:04:40 PDT"]
[Termination "shimastream won on time"]

1. Nf3 Nf6 2. c4 g6 3. b3 Bg7 4. Bb2 O-O 5. g3 d6 6. Bg2 e5 7. O-O Re8 8. d3 Nc6 9. Nc3 h6 10. Nd2 Be6 11. Nde4 Nh7 12. a3 Qd7 13. Nd5 Rac8 14.
b4 Bh3 15. b5 Nd8 16. Bxh3 Qxh3 17. Qa4 f5 18. Nd2 Ne6 19. Qxa7 Nc5 20. Qa5 b6 21. Qb4 Ng5 22. f3 h5 23. Rf2 f4 24.
Rg2 Qf5 25. Ne4 Nh3+ 26. Kh1 Nxe4 27. dxe4 Qf7 28. Qe1 c6 29. bxc6 Rxc6 30. g4 Rxc4 31. Qh4 Rc2 32. Qxh3 Rxb2 33. gxh5 Re6 34. Rag1 1-0

[Event "Early-Titled-Tuesday-Blitz-October-24-2023"]
[Site "Chess.com"]
[Date "2023.10.24"]
[Round "6"]
[White "I_am_Javi"]
[Black "xxysoul6"]
[Result "1-0"]
[WhiteElo "2810"]
[BlackElo "2991"]
[TimeControl "180+1"]
[EndTime "9:04:41 PDT"]
[Termination "I_am_Javi won by resignation"]

1. e4 c5 2. Nf3 d6 3. d4 cxd4 4.
Nxd4 Nf6 5. Nc3 a6 6. Bc4 e6 7. Bb3 Nbd7 8. Bg5 Nc5 9. f4 Qc7 10. Qe2 Be7 11. O-O-O h6 12. Bxf6 Bxf6 13. Rhe1 O-O 14.
g4 b5 15. g5 hxg5 16. e5 dxe5 17. fxe5 Be7 18. h4 Bb7 19. Kb1 b4 20. hxg5 bxc3 21. Qh5 g6 22. Qh2 Nxb3 23. axb3 f5 24. Nxe6 Qb6 25.
Nxf8 Rxf8 26. e6 Be4 27. Rh1 1-0

[Event "Early-Titled-Tuesday-Blitz-October-24-2023"]
[Site "Chess.com"]
[Date "2023.10.24"]
[Round "6"]
[White "OparinGrigoriy"]
[Black "MagnusCarlsen"]
[Result "0-1"]
[WhiteElo "2987"]
[BlackElo "3273"]
[TimeControl "180+1"]
[EndTime "9:04:42 PDT"]
[Termination "MagnusCarlsen won by resignation"]

1. c4 e5 2. Nc3 Bb4 3. Qc2 a5 4. g3 Nf6 5. Bg2 O-O 6. a3 Bxc3 7. Qxc3 Re8 8. Nf3 Nc6 9. d3 a4 10. O-O h6 11. b4 axb3 12. Qxb3 e4 13. dxe4 Nxe4 14. Bb2 d6 15. Rfd1 Qe7 16. Nd4 Nxd4 17. Rxd4 Nc5 18. Qc2 Qxe2 19. Rd2 Qh5 20. a4 Bf5 21.
Qc3 Qg6 22. a5 Ne4 23. Bxe4 Bxe4 24. f3 Bc6 25. Kf2 Re5 26. Re2 Rxe2+ 27. Kxe2 f6 28. Kf2 Qf5 29. Ra3 Re8 30. Qd2 Qh3 31. Kg1 Qe6 32.
c5 dxc5 33. a6 b5 34. a7 Ba8 35. Kf2 b4 36. Re3 Qxe3+ 37. Qxe3 Rxe3 38. Kxe3 Kf7 39. Kd3 Bd5 40. Bc1 Ke6 41. Bf4 c4+ 42. Kd4 c5+ 43. Kxc5 b3 44. Bc1 c3 45. f4 f5 46. g4 g6 0-1

[Event "Early-Titled-Tuesday-Blitz-October-24-2023"]
[Site "Chess.com"]
[Date "2023.10.24"]
[Round "6"]
[White "GroovyKettle"]
[Black "FairChess_on_YouTube"]
[Result "1-0"]
[WhiteElo "2991"]
[BlackElo "3090"]
[TimeControl "180+1"]
[EndTime "9:04:42 PDT"]
[Termination "GroovyKettle won on time"]

1. e4 c5 2. Nf3 g6 3. c3 d5 4.
exd5 Qxd5 5. d4 Nf6 6. Nbd2 Bg7 7. Bc4 Qd8 8. dxc5 O-O 9. O-O Qc7 10. b4 b6 11.
cxb6 axb6 12. Bb2 Bb7 13. Qb3 Nc6 14. Rfe1 e6 15. a3 Rad8 16. Bf1 Ng4 17. h3 Nge5 18.
c4 Nxf3+ 19. Nxf3 e5 20. Rac1 Rfe8 21. c5 e4 22. Bxg7 Kxg7 23. Qc3+ f6 24. Nd2 Qf4 25.
Nb3 Ne5 26. cxb6 Nf3+ 27. gxf3 Qg5+ 28. Kh1 e3 29. Qc7+ Kh6 30. Qg3 exf2 31. Qxg5+ Kxg5 32. Rxe8 Bxf3+ 33. Kh2 Rxe8 34. Kg3 Re3 35. Nd2 Ba8+ 36. Kxf2 Rxa3 37. Bg2 Bxg2 38. Kxg2 Ra2 39. b7 Rxd2+ 40.
Kf3 Rd3+ 41. Ke2 Rd8 42. Rc8 1-0

[Event "Early-Titled-Tuesday-Blitz-October-24-2023"]
[Site "Chess.com"]
[Date "2023.10.24"]
[Round "6"]
[White "Aslanov_Umid"]
[Black "Zurability"]
[Result "1-0"]
[WhiteElo "2583"]
[BlackElo "2774"]
[TimeControl "180+1"]
[EndTime "9:04:42 PDT"]
[Termination "Aslanov_Umid won by resignation"]

1. e4 c5 2. Nf3 d6 3. d4 cxd4 4. Nxd4 Nf6 5. Nc3 g6 6. Be3 Bg7 7. f3 a6 8. Qd2 Nbd7 9. O-O-O b5 10. Bh6 Bxh6 11. Qxh6 Bb7 12. Nce2 Rc8 13. Kb1 Qc7 14. Rc1 Ne5 15. Nf4 Nc4 16. Bxc4 Qxc4 17. Nde2 e5 18. Nd3 Ke7 19. Rhd1 Qe6 20. Qg5 h6 21. Qe3 Rc7 22.
g4 h5 23. g5 Nd7 24. f4 Rhc8 25. Nc3 Rxc3 26. bxc3 Rxc3 27. Qd2 Ra3 28. Nb4 Bxe4 29. fxe5 Nxe5 30. Qd4 a5 31. Nd5+ Bxd5 32. Qxd5 Qxd5 33.
Rxd5 b4 34. Rcd1 Nc4 35. R5d4 Rc3 36. Re1+ Kd7 37. Re2 Rf3 38. Rxc4 Rf5 39. h4 f6 40. gxf6 Rxf6 41. Rg2 d5 42. Rc5 Kd6 43. Rxa5 Ke5 44. Re2+ 1-0

[Event "Early-Titled-Tuesday-Blitz-October-24-2023"]
[Site "Chess.com"]
[Date "2023.10.24"]
[Round "6"]
[White "Cambek64"]
[Black "svilson23"]
[Result "1-0"]
[WhiteElo "2448"]
[BlackElo "2269"]
[TimeControl "180+1"]
[EndTime "9:04:45 PDT"]
[Termination "Cambek64 won on time"]

1. e4 c5 2. Nf3 d6 3. c3 Nf6 4. Bd3 g6 5. O-O Bg7 6. Re1 O-O 7. h3 Nc6 8. Bc2 e5 9. d3 d5 10. Nbd2 h6 11. Nf1 d4 12. cxd4 cxd4 13. Bd2 Be6 14. Bb3 Bxb3 15. Qxb3 Qb6 16. Qxb6 axb6 17. a4 Nd7 18. b4 b5 19. axb5 Na7 20. Ra5 b6 21. Ra6 Nxb5 22. Rea1 Rac8 23. Ne1 f5 24. f3 Kf7 25. g4 f4 26. Kf2 h5 27. Nh2 Bf6 28. Ng2 Be7 29. h4 Rc2 30. Ke1 Rfc8 31. g5 Ke6 32. Nf1 Nc3 33. Kf2 Bxb4 34. Ne1 Rb2 35. Rc1 Rc5 36. Ra8 Kd6 37. Rg8 Kc6 38. Rxg6+ Kb5 39.
Rd6 Nxe4+ 40. dxe4 1-0

[Event "Early-Titled-Tuesday-Blitz-October-24-2023"]
[Site "Chess.com"]
[Date "2023.10.24"]
[Round "6"]
[White "Witik"]
[Black "Zhbugnoimt"]
[Result "1-0"]
[WhiteElo "2795"]
[BlackElo "2568"]
[TimeControl "180+1"]
[EndTime "9:04:49 PDT"]
[Termination "Witik won by resignation"]

1. e4 c5 2. d4 cxd4 3. c3 dxc3 4. Nxc3 Nc6 5. Nf3 e6 6. Bc4 a6 7. O-O Nge7 8. Be3 Ng6 9. Nd4 Be7 10. Nf5 exf5 11. Nd5 Bd6 12. exf5 Nge5 13. Bb3 Qh4 14. h3 Rb8 15. f4 O-O 16. fxe5 Bxe5 17. f6 d6 18. Bf4 Be6 19. Bxe5 dxe5 20. fxg7 Kxg7 21. Nf6 Rbd8 22. Qe2 Kh8 23. Rac1 Bxb3 24. axb3 Qd4+ 25. Kh1 Rd6 26. Qh5 Qd3 27. Rcd1 Rxf6 28. Rxf6 Qc2 29. Rd7 Rg8 30. Qf3 Nd4 31. Rxd4 exd4 32. Rxf7 Qc1+ 33. Kh2 Qg5 34. Qe4 Rg7 35. Rf8+ Rg8 36. Qxd4+ Qg7 37.
Rxg8+ Kxg8 38. Qxg7+ Kxg7 39. Kg3 Kf6 40. Kf4 Ke6 41. g4 Kd6 42. Kg5 Kc5 43. Kh6 Kb4 44. Kxh7 Kxb3 45. g5 Kxb2 46. g6 a5 47. g7 a4 48.
g8=Q a3 49. Qg7+ Kb1 50. Qxb7+ 1-0

[Event "Early-Titled-Tuesday-Blitz-October-24-2023"]
[Site "Chess.com"]
[Date "2023.10.24"]
[Round "6"]
[White "ozates"]
[Black "brm72"]
[Result "0-1"]
[WhiteElo "2721"]
[BlackElo "2565"]
[TimeControl "180+1"]
[EndTime "9:04:49 PDT"]
[Termination "brm72 won by resignation"]

1. e4 c5 2. Nf3 d6 3. Bb5+ Nd7 4.
c3 a6 5. Ba4 b5 6. Bc2 Ngf6 7. d4 Bb7 8. Nbd2 g6 9. O-O Bg7 10.
Re1 O-O 11. Nf1 cxd4 12. cxd4 Rc8 13. Bb1 Qc7 14. Ng3 e5 15. h3 d5 16. dxe5 Nxe5 17. Nxe5 Qxe5 18. f4 Qc7 19. e5 Nd7 20. Be3 Nc5 21.
Bd4 Ne6 22. f5 Nxd4 23. Qxd4 Rfe8 24. fxg6 hxg6 25. Nf1 Bxe5 26. Qf2 Bd6 27. Ne3 Bg3 28. Qf3 Bxe1 29. Ng4 Bh4 30. Bd3 Kg7 31. Rf1 d4 32. Qd1 f5 33. Nh2 Re3 34. Be2 Rce8 35. Bf3 Bxf3 36.
Nxf3 Bf6 37. Qd2 Re2 38. Qd3 Qg3 39. Ne1 Qxd3 40. Nxd3 Rd2 41. Nf4 Bg5 0-1

[Event "Early-Titled-Tuesday-Blitz-October-24-2023"]
[Site "Chess.com"]
[Date "2023.10.24"]
[Round "6"]
[White "howitzer14"]
[Black "MikeSailer"]
[Result "1-0"]
[WhiteElo "2927"]
[BlackElo "2038"]
[TimeControl "180+1"]
[EndTime "9:04:49 PDT"]
[Termination "howitzer14 won by resignation"]

1. d4 d5 2. e4 dxe4 3. Nc3 Nf6 4. f3 e3 5. Bxe3 c6 6. Bc4 Qd6 7. Nge2 Bf5 8. g4 Bg6 9. h4 h5 10. Nf4 Bh7 11. g5 Nd5 12. Ncxd5 cxd5 13. Bxd5 Nc6 14.
Kf2 e6 15. Be4 Bxe4 16. fxe4 O-O-O 17. c3 e5 18. Nd5 exd4 19. cxd4 f5 20. gxf6 gxf6 21.
Qf3 Be7 22. Rag1 Rhg8 23. Qf5+ Qd7 24. Rxg8 Qxf5+ 25. exf5 Rxg8 26. Rg1 Rd8 27. Nf4 Nxd4 28. Rc1+ Kb8 29. Bxd4 Rxd4 30. Kf3 Bd6 31. Nxh5 Rxh4 32.
Nxf6 Rf4+ 33. Ke3 a6 34. Ne4 Bc7 35. Rxc7 Rxe4+ 36. Kxe4 Kxc7 37. Ke5 Kd7 38. Kf6 1-0

[Event "Early-Titled-Tuesday-Blitz-October-24-2023"]
[Site "Chess.com"]
[Date "2023.10.24"]
[Round "6"]
[White "Mystery2007"]
[Black "Boninknights"]
[Result "0-1"]
[WhiteElo "2451"]
[BlackElo "2311"]
[TimeControl "180+1"]
[EndTime "9:04:50 PDT"]
[Termination "Boninknights won on time"]

1. c4 Nf6 2. Nc3 g6 3. g3 Bg7 4. Bg2 O-O 5. d3 Nc6 6. e3 e5 7.
Nge2 Ne7 8. O-O d5 9. cxd5 Nexd5 10. b3 c5 11. Bb2 Nb4 12. d4 cxd4 13. exd4 exd4 14.
Qxd4 Qxd4 15. Nxd4 Rd8 16. Ndb5 a6 17. Rad1 Rxd1 18. Rxd1 axb5 19. Rd8+ Bf8 20. Nxb5 Nd7 21. Bh3 Nb6 22. Nc7 Rxa2 23. Bc3 Bxh3 24. Ne8 Rc2 25. Nf6+ Kg7 26. Ne8+ Kh6 27. Bd2+ g5 28. f4 Bc5+ 29. Kh1 N6d5 30. fxg5+ Kh5 31. Ng7+ Kg4 0-1

[Event "Early-Titled-Tuesday-Blitz-October-24-2023"]
[Site "Chess.com"]
[Date "2023.10.24"]
[Round "6"]
[White "ural58"]
[Black "Akylbek2021"]
[Result "1-0"]
[WhiteElo "2527"]
[BlackElo "2255"]
[TimeControl "180+1"]
[EndTime "9:04:50 PDT"]
[Termination "ural58 won by checkmate"]

1. e4 e6 2. d4 d5 3. Nc3 Nf6 4. Bg5 Be7 5. e5 Nfd7 6. h4 a6 7. Qg4 Bxg5 8. hxg5 c5 9. g6 h6 10.
gxf7+ Kxf7 11. Nxd5 exd5 12. e6+ Kg8 13. exd7 Bxd7 14.
Qh5 Qe8+ 15. Be2 cxd4 16. Qxd5+ Be6 17. Qxb7 Nd7 18. O-O-O Rb8 19. Qxa6 Nc5 20. Qa3 Ne4 21. Rxd4 Nxf2 22. Rhh4 Qg6 23. Bc4 Bxc4 24. Rxc4 Qxg2 25.
Ne2 Qf1+ 26. Kd2 Rd8+ 27. Rcd4 Kh7 28. Rxh6+ gxh6 29. Qe7+ Kg6 30. Qe6+ Kg7 31. Qe5+ Kg6 32. Nf4+ Kf7 33. Qe6+ Kg7 34. Qg6+ Kf8 35. Rxd8+ Ke7 36.
Qd6+ Kf7 37. Qe6+ Kg7 38. Qg6# 1-0

[Event "Early-Titled-Tuesday-Blitz-October-24-2023"]
[Site "Chess.com"]
[Date "2023.10.24"]
[Round "6"]
[White "Ginzburg_Yakov"]
[Black "abc_xyz4744"]
[Result "0-1"]
[WhiteElo "2594"]
[BlackElo "2408"]
[TimeControl "180+1"]
[EndTime "9:04:51 PDT"]
[Termination "abc_xyz4744 won on time"]

1. e4 c5 2. Nf3 Nc6 3. d4 cxd4 4. Nxd4 g6 5. c4 Bg7 6. Be3 Nf6 7. Nc3 O-O 8. Be2 b6 9. O-O Bb7 10. Nxc6 Bxc6 11. f3 d6 12. Qd2 Nd7 13. Rfd1 Rc8 14. Rac1 Nc5 15. Nd5 Bxd5 16. cxd5 Qd7 17. b3 f5 18. Qb4 fxe4 19. fxe4 Rb8 20. h3 Be5 21. Bg4 Qc7 22. Qe1 Qb7 23. Qh4 Bf6 24. Qe1 Qa6 25.
Bh6 Nd3 26. Qf1 Bd4+ 27. Kh2 Be5+ 28. Kg1 Rxf1+ 29. Rxf1 Nxc1 30. Be6+ Kh8 31. Rxc1 Qe2 32. Kh1 Qh5 33. Be3 Rf8 34. Bg1 Qh4 35. Rc2 Qg3 36. Rc4 Rf1 37. Rc8+ Kg7 38. Rg8+ Kh6 0-1

[Event "Early-Titled-Tuesday-Blitz-October-24-2023"]
[Site "Chess.com"]
[Date "2023.10.24"]
[Round "6"]
[White "ama18"]
[Black "lamomiajunior"]
[Result "0-1"]
[WhiteElo "2523"]
[BlackElo "2665"]
[TimeControl "180+1"]
[EndTime "9:04:52 PDT"]
[Termination "lamomiajunior won on time"]

1. Nf3 d5 2. g3 Nf6 3. Bg2 c6 4. d4 Bf5 5. O-O e6 6. b3 h6 7. Bb2 Be7 8. c4 O-O 9. Nc3 a5 10. Nd2 Nbd7 11. Re1 Bh7 12. a3 Rc8 13. e4 dxe4 14.
Ndxe4 Nxe4 15. Nxe4 Nf6 16. Nc3 Qc7 17. Qe2 Rfd8 18. Rad1 Qb6 19. Na4 Qxb3 20. Nc5 Bxc5 21. dxc5 Rxd1 22. Rxd1 Bc2 23. Rd2 Qxb2 24. Rxc2 Qxa3 25.
Qe5 Rd8 26. h3 Qd3 27. Rb2 a4 28. Rxb7 a3 29. Ra7 a2 30. Kh2 Qb1 31. Bxc6 Rd1 32. Qc7 Qg6 33. Rxa2 Qh5 34. Kg2 Qxc5 35. Qb7 Qxc4 36.
Ra8+ Kh7 37. Bb5 Qd4 38. Qxf7 Qd5+ 39. f3 Qd2+ 0-1

[Event "Early-Titled-Tuesday-Blitz-October-24-2023"]
[Site "Chess.com"]
[Date "2023.10.24"]
[Round "6"]
[White "LuisFSiles"]
[Black "WindWhistler11"]
[Result "0-1"]
[WhiteElo "2276"]
[BlackElo "2450"]
[TimeControl "180+1"]
[EndTime "9:04:55 PDT"]
[Termination "WindWhistler11 won by checkmate"]

1. e4 a6 2. d4 b5 3. Bd3 Bb7 4. Nf3 e6 5. O-O Be7 6. Re1 d6 7. Nbd2 Nd7 8. Nf1 g5 9. c4 bxc4 10. Bxc4 g4 11. N3d2 Ngf6 12. e5 Nd5 13. Qxg4 N7b6 14. Bb3 h5 15. Qg7 Rf8 16. Ne4 Qd7 17. exd6 cxd6 18. Bg5 O-O-O 19. Rac1+ Kb8 20. Bxe7 Qxe7 21.
Ne3 Rg8 22. Nxd5 Nxd5 23. Qh6 Rg4 24. Qxh5 Rdg8 25. g3 Nf4 26. Qa5 Nh3+ 27. Kf1 Rxe4 28. Rxe4 Bxe4 29. Qb6+ Qb7 30. Qxd6+ Ka8 31. Rc7 Bd3+ 32.
Ke1 Qe4+ 33. Kd2 Qe2+ 34. Kc3 Qe1+ 35. Kxd3 Nxf2+ 36. Kc4 Qe2+ 37. Kb4 Qb5+ 38. Ka3 Nd3 39. Ba4 Qxb2# 0-1

[Event "Early-Titled-Tuesday-Blitz-October-24-2023"]
[Site "Chess.com"]
[Date "2023.10.24"]
[Round "6"]
[White "HeroRubiksCube"]
[Black "MatyChess1"]
[Result "1/2-1/2"]
[WhiteElo "2556"]
[BlackElo "2741"]
[TimeControl "180+1"]
[EndTime "9:04:57 PDT"]
[Termination "Game drawn by repetition"]

1. e4 c6 2. d4 d5 3. Nc3 dxe4 4. Nxe4 Nf6 5. Nxf6+ exf6 6. c3 Bd6 7. Bd3 O-O 8.
Ne2 Re8 9. O-O Na6 10. Be3 Nc7 11. Qd2 Nd5 12. Nf4 Nxe3 13. fxe3 f5 14. Rae1 Qg5 15. Qf2 g6 16. Nh3 Qe7 17. e4 fxe4 18. Rxe4 Be6 19. Rfe1 Qd7 20. Ng5 Bxa2 21. c4 Bb4 22. Rxe8+ Rxe8 23. Rxe8+ Qxe8 24. Ne4 Qe7 25. g4 h6 26. Qf4 Kg7 27. Kg2 b5 28. c5 Bd5 29.
Kg1 a5 30. g5 hxg5 31. Qxg5 Qxg5+ 32. Nxg5 a4 33. Ne4 Bxe4 34. Bxe4 a3 35. bxa3 Bc3 36. Bxc6 Bxd4+ 37. Kg2 Bxc5 38. Bxb5 Bxa3 39. Kf3 f5 40. h3 Kf6 41. Bc6 Bd6 42. Kg2 Kg5 43. Bb7 Kf4 44. Bc6 g5 45. Bb7 Ke3 46. Ba8 Be5 47. Bb7 Kf4 48. Bc6 Bg7 49. Bb7 Bf8 50. Bc6 Bd6 51. Bb7 Ke5 52. Bc6 Kf6 53. Bb7 Kg6 54.
Bc6 Kf6 55. Bb7 Ke5 56. Bc6 Kf4 1/2-1/2

[Event "Early-Titled-Tuesday-Blitz-October-24-2023"]
[Site "Chess.com"]
[Date "2023.10.24"]
[Round "6"]
[White "deribas12345"]
[Black "krzyzan94"]
[Result "1-0"]
[WhiteElo "2582"]
[BlackElo "2750"]
[TimeControl "180+1"]
[EndTime "9:04:57 PDT"]
[Termination "deribas12345 won on time"]

1. d4 Nf6 2. c4 e6 3. Nc3 Bb4 4.
a3 Bxc3+ 5. bxc3 c5 6. f3 d5 7. e3 Nc6 8. Bd3 O-O 9. Ne2 e5 10. cxd5 Nxd5 11. c4 Nf6 12. d5 Ne7 13. O-O Ne8 14.
Bb2 f6 15. Qc2 g6 16. f4 exf4 17. Rxf4 Nf5 18. e4 Ne3 19. Qd2 Ng4 20. Raf1 Qd6 21. Nc3 Ne5 22. Nb5 Qe7 23. Be2 a6 24. d6 Qe6 25. Bxe5 axb5 26. Bc3 Rxa3 27. cxb5 Ra2 28. Qe3 Bd7 29. e5 Kh8 30. Bc4 Bxb5 31. Bxe6 Re2 32.
Qf3 f5 33. Bd5 1-0

[Event "Early-Titled-Tuesday-Blitz-October-24-2023"]
[Site "Chess.com"]
[Date "2023.10.24"]
[Round "6"]
[White "wannabe2700"]
[Black "WhiteKnight2612"]
[Result "0-1"]
[WhiteElo "2633"]
[BlackElo "2830"]
[TimeControl "180+1"]
[EndTime "9:04:59 PDT"]
[Termination "WhiteKnight2612 won by resignation"]

1. e4 c5 2. Nf3 d6 3. Bb5+ Nd7 4.
O-O Nf6 5. Re1 a6 6. Bf1 g6 7. d4 cxd4 8. Qxd4 Bg7 9. e5 dxe5 10.
Nxe5 Nxe5 11. Qxd8+ Kxd8 12. Rxe5 Bf5 13. c3 e6 14. f3 h5 15. Na3 b5 16. Rc5 Nd7 17.
Rc6 Bf8 18. Bg5+ f6 19. Be3 Ne5 20. Rd1+ Ke8 21. Rc7 g5 22. Nxb5 Rd8 23. Rxd8+ Kxd8 24. Bb6 Nd7 25. Ba5 e5 26. Na7 Ke8 27. Bxa6 Bc5+ 28.
Kf1 Ke7 29. Bb5 Be3 30. Bb4+ Kf7 31. Bxd7 Bxd7 32. Rxd7+ Ke6 33. Nc6 Kxd7 34. Na7 Bxa7 35. Ke2 g4 36. a4 Bg1 37. h3 gxh3 38. gxh3 Rg8 39. a5 Rg2+ 40. Kf1 Rg3 41. Bf8 Ba7 42.
Ke2 Rg2+ 43. Kd3 Rxb2 44. Bg7 Ke7 0-1

[Event "Early-Titled-Tuesday-Blitz-October-24-2023"]
[Site "Chess.com"]
[Date "2023.10.24"]
[Round "6"]
[White "Ural_bogatyr"]
[Black "GianmarcoVaR"]
[Result "0-1"]
[WhiteElo "2547"]
[BlackElo "2735"]
[TimeControl "180+1"]
[EndTime "9:04:59 PDT"]
[Termination "GianmarcoVaR won on time"]

1. d4 Nf6 2. Nc3 d5 3. Bf4 c5 4. e4 Nxe4 5. Nxe4 dxe4 6. dxc5 Qa5+ 7. c3 Qxc5 8. Qa4+ Nc6 9. Qxe4 g6 10. Nf3 Bg7 11.
Qe3 Qxe3+ 12. Bxe3 O-O 13. Be2 e5 14. O-O h6 15. a4 Be6 16. a5 e4 17. Nd2 f5 18.
Rfd1 Rfd8 19. a6 b6 20. Bc4 Kf7 21. Kf1 g5 22. g3 Be5 23. f4 gxf4 24. Bxf4 Bxf4 25.
gxf4 Kf6 26. Kf2 Ne7 27. Bxe6 Kxe6 28. Nc4 Nd5 29. Ne5 Nxf4 30. Nc6 Nd3+ 31. Ke3 Rdc8 32. Nd4+ Ke5 33. Nf3+ Kd5 34. Rxd3+ exd3 35. Rd1 Kc4 36.
Nd2+ Kb5 0-1

[Event "Early-Titled-Tuesday-Blitz-October-24-2023"]
[Site "Chess.com"]
[Date "2023.10.24"]
[Round "6"]
[White "tarno17"]
[Black "EdmundPlayer"]
[Result "1-0"]
[WhiteElo "2112"]
[BlackElo "2189"]
[TimeControl "180+1"]
[EndTime "9:04:59 PDT"]
[Termination "tarno17 won on time"]

1. e4 Nf6 2. e5 Nd5 3. Bc4 Nb6 4.
Bb3 e6 5. Nf3 a5 6. c3 Nc6 7.
O-O d5 8. d4 Be7 9. Bc2 a4 10.
h3 Na5 11. Nh2 c5 12. Nd2 cxd4 13. cxd4 Bd7 14. Qg4 g6 15. Ndf3 Bb5 16. Rd1 Rc8 17. Bb1 Rc7 18. Bh6 Qc8 19. Ng5 Nbc4 20. Bd3 Ba6 21.
Rac1 Nxb2 22. Rxc7 Qxc7 23. Bxa6 Nxd1 24. Bb5+ Nc6 25.
Qxd1 Qb6 26. Bxa4 Bxg5 27. Bxg5 Kd7 28. Ng4 Ra8 29. Nf6+ Kc8 30. Bb3 Qxd4 31. Qc2 Qxe5 32. Nxh7 Kb8 33. Qc1 Nd4 34. Kh1 Ne2 35. Qd2 d4 36. Bc4 Qg7 37. Bxe2 Qxh7 38. Bf4+ Kc8 39. Qc2+ 1-0